Map: Purity and Industry LE

Players

OdiNTaBaCK

  • Race: Zerg Zerg
  • League: Master
  • Spawn Location: 12:00

Masterxexe - Winner!

  • Race: Terran Terran
  • League: Master
  • Spawn Location: 3:00

VOD

Have the link to the VOD?

Description

Time

  • Played on: March 23, 2020, 5:37 p.m.
  • Length: 7:17
Show
View Real Time Build Order
Export as new Build Order

OdiNTaBaCK Zerg 

Build Orders: Hatch First 

Get SALT Encoding   

  12  0:01  Drone  
  13  0:11  Drone  
  14  0:15  Extractor  
  14  0:16  Drone  
  15  0:27  Overlord  
  15  0:48  Hatchery  
  15  0:49  Drone  
  15  0:52  Drone  
  15  0:55  Drone  
  17  1:00  Drone  
  18  1:10  Extractor  
  18  1:11  Drone  
  18  1:21  Spawning Pool  
  18  1:22  Drone  
  18  1:33  Overlord  
  18  1:45  Drone  
  19  2:08  Zergling x6  
  22  2:14  Zergling x2  
  23  2:18  Queen  
  23  2:19  Queen  
  23  2:21  Metabolic Boost  
  27  2:27  Overlord x2  
  27  2:34  Drone  
  28  2:46  Drone  
  28  2:47  Drone x2  
  28  2:48  Drone  
  32  2:54  Queen  
  32  2:55  Drone  
  35  3:03  Drone  
  35  3:10  Drone  
  35  3:12  Drone  
  37  3:16  Drone  
  38  3:23  Drone  
  39  3:27  Overlord  
  39  3:28  Drone  
  39  3:31  Hatchery, Drone  
  39  3:33  Drone  
  41  3:41  Drone x2  
  41  3:43  Lair  
  43  3:48  Extractor  
  43  3:49  Extractor  
  43  3:50  Overlord  
  43  3:54  Overlord  
  40  3:57  Drone  
  40  4:00  Drone  
  40  4:01  Drone  
  43  4:05  Baneling Nest  
  43  4:06  Drone  
  43  4:21  Drone x3  
  46  4:25  Drone  
  46  4:26  Drone x3  
  50  4:35  Evolution Chamber  
  49  4:40  Spore Crawler, Pneumatized Carapace  
  48  4:57  Hydralisk Den  
  48  4:58  Drone x3  
  48  4:59  Extractor, Drone x2  
  51  5:01  Zerg Melee Weapons Level 1  
  51  5:17  Centrifical Hooks  
  51  5:20  Zergling x4  
  51  5:21  Zergling x20  
  63  5:29  Drone  
  63  5:31  Drone  
  63  5:33  Grooved Spines  
  63  5:35  Drone  
  66  5:36  Drone  
  67  5:43  Drone x2  
  67  5:45  Drone  
  67  5:48  Drone x2  
  72  5:56  Drone x2  
  73  6:00  Hatchery  
  73  6:01  Extractor, Drone x2  
  73  6:03  Extractor  
  72  6:08  Overlord x2  
  72  6:18  Baneling x5  
  72  6:19  Baneling, Zergling x2  
  72  6:20  Zergling x2  
  72  6:22  Overlord  
  72  6:23  Overlord x3  
  67  6:42  Zergling x2  
  67  6:43  Zergling x16  
  67  6:45  Baneling  
  67  6:46  Baneling x3  
  70  6:48  Hydralisk  
  70  6:49  Hydralisk x2  
  70  6:52  Hydralisk  
Show
View Real Time Build Order
Export as new Build Order

Masterxexe Terran - Winner!

Build Orders:  

Get SALT Encoding   

  12  0:01  SCV  
  13  0:13  SCV  
  14  0:17  Supply Depot  
  14  0:25  SCV  
  15  0:39  SCV  
  16  0:43  Barracks  
  16  0:51  SCV  
  16  0:53  Refinery  
  17  1:03  SCV  
  18  1:16  SCV  
  19  1:30  Orbital Command, Marine  
  20  1:44  Command Center  
  20  1:48  Marine  
  21  1:57  SCV  
  22  2:08  Factory  
  22  2:11  SCV  
  23  2:16  Supply Depot  
  23  2:21  Refinery  
  23  2:26  Barracks Reactor  
  23  2:37  Bunker, SCV  
  23  2:42  Barracks  
  24  2:50  SCV  
  25  2:53  Factory Tech Lab  
  25  2:58  Orbital Command  
  23  3:13  Orbital Command  
  23  3:15  Marine x2  
  23  3:16  Siege Tank  
  23  3:19  SCV  
  28  3:28  Ghost Academy  
  28  3:29  Barracks Tech Lab  
  28  3:47  SCV  
  29  4:00  SCV  
  29  4:01  SCV  
  31  4:04  Hellion x2, Ghost x2  
  39  4:13  SCV  
  39  4:16  SCV  
  41  4:21  Supply Depot  
  41  4:24  Supply Depot  
  41  4:25  SCV  
  41  4:27  Hellion  
  41  4:28  SCV  
  45  4:37  Ghost  
  45  4:38  Hellion  
  49  4:39  SCV  
  50  4:47  Armory  
  50  4:48  SCV  
  51  4:54  Hellion  
  51  4:55  SCV  
  54  5:01  SCV  
  54  5:06  Ghost  
  57  5:07  SCV  
  57  5:11  Hellion  
  57  5:13  SCV  
  61  5:16  Supply Depot  
  61  5:19  SCV  
  62  5:22  Supply Depot  
  62  5:25  SCV  
  62  5:26  Supply Depot  
  63  5:32  Hellion x2  
  67  5:36  Ghost  
  67  5:40  SCV x2  
  71  5:46  Supply Depot  
  71  5:52  SCV x2  
  75  5:57  Hellion x2  
  77  6:04  SCV x2  
  77  6:05  Refinery  
  77  6:06  Ghost  
  81  6:15  Ghost  
  81  6:16  SCV  
  81  6:17  SCV  
  85  6:28  SCV  
  85  6:29  SCV  
  85  6:30  Command Center  
  87  6:44  Hellion x2  
Tags
 
Add a new tag
Caveats
  • Supply blocks, unpowered buildings, or Contaminate may cause inaccurate times.
  • Supply counts are checked every 10 seconds.